cohdb
Replays
Latest Replays
All Replays
Popular Replays
Top Player Replays
Match Explorer
How It Works
Community
CoH3 Stats
Reddit
Sign in to upload your games and track your stats! →
Sign in with Steam
Match 41249921
Unlisted
Match 41249921
Overview
Messages
Build Orders
End
250 Light Carrier
Selects Armored Support Battlegroup
Panzergrenadier Squad
Panzergrenadier Squad
Construct Light Support Kompanie
MG34 Team
Selects Veteran Gunners
2.5-tonne Medical Truck
Fire Support Elements
Flakvierling Half-track
Veteran Squad Leaders
Selects Vehicle Awareness
Panzerjäger Mechanized Group
Vehicle Awareness
Combat Half-tracks
Major DaTou
為了帝皇
小桐乐
CPU - VERY EASY
RicardoZ
1Div MED
c3e
八佰
0
0
Comments
sign in to comment!
No comments posted yet!